 Dungeon Crawl Stone Soup version 0.27-a0-869-g165b36e3f0 (webtiles) character file.

Game seed: 15202515873978148903

63 shoop the Ruffian (level 3, 0/28 HPs)
             Began as a Demigod Transmuter on Apr 3, 2021.
             Slain by Terence
             ... wielding a +0 mace
              (7 damage)
             ... on level 3 of the Dungeon.
             The game lasted 00:03:52 (2314 turns).

shoop the Ruffian (Demigod Transmuter)              Turns: 2314, Time: 00:03:53

Health: 0/28       AC:  2    Str: 15    XL:     3   Next: 63%
Magic:  7/8        EV: 12    Int: 15    God:
Gold:   118        SH:  0    Dex: 14    Spells: 4/5 levels left

rFire    . . .     SeeInvis .     - Unarmed
rCold    . . .     Faith    .   (no shield)
rNeg     . . .     Spirit   .   a - +0 robe
rPois    .         Reflect  .   (no helmet)
rElec    .         Harm     .   (no cloak)
rCorr    .         Rampage  .   (no gloves)
Will     .....                  (no boots)
Stlth    ++........             (no amulet)
HPRegen  0.09/turn              (no ring)
MPRegen  0.11/turn              (no ring)

@: mighty, very slightly contaminated
A: high mp 1, forlorn
a: no special abilities


You were on level 3 of the Dungeon.
You visited 1 branch of the dungeon, and saw 3 of its levels.

You collected 118 gold pieces.

Inventory:

Missiles
 c - 20 poisoned darts (quivered)
 j - 7 boomerangs
Armour
 a - a +0 robe (worn)
Scrolls
 d - 2 scrolls of identify {unknown}
 e - 2 scrolls of fog {unknown}
 i - 2 scrolls of teleportation {unknown}
Potions
 b - a potion of might
 f - a potion of haste {unknown}
 g - a potion of ambrosia {unknown}
 h - a potion of curing {unknown}


   Skills:
 + Level 1.1 Fighting
 + Level 1.9 Dodging
 + Level 0.7 Stealth
 * Level 4.0 Unarmed Combat
 + Level 1.8 Spellcasting
 + Level 1.9 Transmutations


You had 4 spell levels left.
You knew the following spells:

 Your Spells              Type           Power      Damage    Failure   Level
a - Beastly Appendage     Tmut           14%        N/A       11%         1

Your spell library contained the following spells:

 Spells                   Type           Power      Damage    Failure   Level
 Wereblood                Tmut           7%         N/A       16%         2
 Spider Form              Tmut/Pois      2%         N/A       41%         3
 Ice Form                 Ice/Tmut       4%         N/A       83%         4
 Hydra Form               Tmut           3%         N/A       96%         5


Dungeon Overview and Level Annotations

Branches:
Dungeon (3/15)

Shops:
D:1 :

Annotations:
D:2 Sigmund
D:3 Terence


Innate Abilities, Weirdness & Mutations

Your attributes grow dramatically as you level up.
You have an increased reservoir of magic. (+10% MP)
You shall have no god before yourself.


Message History

Casting: Beastly Appendage (safe; 11% risk of failure)
Confirm with . or Enter, or press ? or * to list all spells.
You miscast Beastly Appendage.
You are very lightly contaminated with residual magic.
Nothing appears to happen.
Casting: Beastly Appendage (safe; 11% risk of failure)
Confirm with . or Enter, or press ? or * to list all spells.
You miscast Beastly Appendage.
Nothing appears to happen.
Terence hits you with a +0 mace.
You hit Terence.
Terence is lightly wounded.
Terence closely misses you.
You closely miss Terence.
Terence is lightly wounded.
Terence barely misses you.
You hit Terence.
Terence is heavily wounded.
Terence barely misses you.
You hit Terence but do no damage.
Terence is heavily wounded.
Terence hits you with a +0 mace!
You completely miss Terence.
Terence is heavily wounded.
Terence misses you.
You hit Terence. Your punch misses Terence.
Terence is heavily wounded.
You hit Terence but do no damage. You punch Terence, but do no damage.
Terence is heavily wounded.
Terence hits you with a +0 mace.
You hit Terence.
Terence is heavily wounded.
Terence hits you with a +0 mace.
* * * LOW HITPOINT WARNING * * *
It was a potion of might.
You feel very mighty all of a sudden. Terence misses you.
You barely miss Terence.
Terence is heavily wounded.
Terence hits you with a +0 mace!
You die...

# #.# ###.####
......###
#......#
#......#
#......######)
#.
###†....@@.(..((
#.
#....>...#######
#. ##.##.#..##
#.###...#.#..#
#.#......#...#
#.#.#...#.#.##
#.#.##.#....#
#........#..#
###.##.#...##


You could see Terence.

Vanquished Creatures
  An adder (D:2)
  A worm (D:2)
  3 orcs (D:3)
  4 ball pythons
  4 bats
  4 endoplasms
  4 giant cockroaches
  2 goblins (D:1)
  3 hobgoblins
  8 jackals
  A kobold (D:3)
  A quokka (D:1)
  3 frilled lizards
  4 rats
43 creatures vanquished.

Notes
Turn   | Place    | Note
-------+----------+-------------------------------------------
     0 | D:1      | shoop the Demigod Transmuter began the quest for the Orb.
     0 | D:1      | Reached XP level 1. HP: 15/15 MP: 5/5
    34 | D:1      | Found Kuizack's Book Emporium.
   157 | D:1      | Reached skill level 3 in Unarmed Combat
   330 | D:1      | Reached XP level 2. HP: 22/22 MP: 5/7
  1249 | D:2      | Noticed Sigmund
  1415 | D:2      | Reached XP level 3. HP: 27/27 MP: 6/8
  1639 | D:2      | Reached skill level 1 in Fighting
  1963 | D:3      | Noticed an orc warrior
  2093 | D:3      | Reached skill level 4 in Unarmed Combat
  2298 | D:3      | Noticed Terence
  2314 | D:3      | Slain by Terence

Illustrated notes

Levels and vault maps discovered:
D:1:      onia_arrival_pentagram, layout_loops_cross, serial_shops,
          nicolae_shop_crystal
D:2:      layout_loops_ring, ebering_ecumenical_altar_sacrificial, uniq_sigmund
D:3:      layout_loops_ring, general_overflow_altar, grunt_temple_overflow_open,
          uniq_terence

Skill      XL: |  1  2  3 |
---------------+----------+-----
Unarmed Combat | 3 4 |  4.0
Fighting       | 1 |  1.1
Dodging        | |  1.9
Stealth        | |  0.7
Spellcasting   | |  1.8
Transmutations | |  1.9

Action                   || total
-------------------------++-------
Melee: Unarmed           ||   100
       Kick              ||    24
       Headbutt          ||    10
       Punch             ||     1
Throw: Dart              ||     4
 Cast: Beastly Appendage ||    28
  Use: Potion            ||     1
 Stab: Sleeping          ||     1
Armor: Robe              ||    10
Dodge: Dodged            ||    53

Table legend: (Time is in decaauts)
 A = Elapsed time spent in this place.
 B = Non-inter-level travel time spent in this place.
 C = Inter-level travel time spent in this place.
 D = Time resting spent in this place.
 E = Time spent auto-exploring this place.
 F = Levels seen in this place.
 G = Mean time per level.
                   A        B        C        D        E       F      G
               +--------+--------+--------+--------+--------+-----+--------+
         Total |   2310 |   2200 |    110 |     12 |   1871 |   3 |  770.0 |
       Dungeon |   2310 |   2200 |    110 |     12 |   1871 |   3 |  770.0 |
               +--------+--------+--------+--------+--------+-----+--------+

Top non-repeatable levels by time:
     D:1: 1026 daAuts
     D:2: 905 daAuts
     D:3: 377 daAuts
